 Dungeon Crawl Stone Soup version 0.19-a0-994-g3c636f0 (webtiles) character file.

66230 Duffy the Severer (level 15, 0/125 HPs)
             Began as a Formicid Wanderer on July 15, 2016.
             Was the Champion of Cheibriados.
             Slain by a death knight
             ... wielding a +0 broad axe
              (2 damage)
             ... on level 12 of the Dungeon.
             The game lasted 00:33:36 (21313 turns).

Duffy the Severer (Formicid Wanderer)              Turns: 21313, Time: 00:33:37

Health: 0/125      AC: 28    Str: 38    XL:     15   Next: 61%
Magic:  21/21      EV: 19    Int: 29    God:    Cheibriados [******]
Gold:   704        SH:  9    Dex: 30    Spells: 0 memorised, 14 levels left

rFire  + + .     SeeInvis +     a - +6 executioner's axe "Gogeqami" {drain, rPois Str+4 Int+3}
rCold  + . .     Gourm    .     U - +8 scale mail of Xeigin {rElec rC+ Dex+2}
rNeg   . . .     Faith    +     n - +2 buckler
rPois  +         Spirit   .     (helmet unavailable)
rElec  +         Dismiss  .     Q - +0 cloak
rCorr  .         Reflect  .     i - +0 pair of gloves
SustAt .         Harm     .     f - +2 pair of boots
MR     +....                    Y - amulet of faith
Stlth  ++........               W - ring "Siedwua" {rPois rF++ Dex-2}
                                s - +6 ring of protection

@: lethally poisoned (0 -> -3), very slow, somewhat resistant to hostile
enchantments, unstealthy
A: permanent stasis, dig shafts and tunnels, four strong arms, antennae 3,
hooves 1
a: Dig, Shaft Self, Bend Time, Temporal Distortion, Slouch, Step From Time,
Renounce Religion


You were on level 12 of the Dungeon.
You worshipped Cheibriados.
Cheibriados was exalted by your worship.
You were not hungry.

You visited 3 branches of the dungeon, and saw 20 of its levels.
You also visited: Sewer.

You collected 2599 gold pieces.
You spent 1895 gold pieces at shops.


Innate Abilities, Weirdness & Mutations

You are under a permanent stasis effect.
You can dig through walls and to a lower floor.
Your four strong arms can wield two-handed weapons with a shield.
You have a pair of large antennae on your head. (SInv)
You have large cloven feet.


   Skills:
 + Level 13.9 Fighting
 + Level 17.1 Axes
   Level 1.0(11.6) Polearms
   Level 3.0 Crossbows
 - Level 7.8 Armour
 - Level 7.8 Dodging
 - Level 3.6 Stealth
 - Level 3.5 Shields
 - Level 9.0 Invocations
 - Level 5.0 Evocations


You had 14 spell levels left.
You didn't know any spells.

Inventory:

Hand Weapons
 a - the +6 executioner's axe "Gogeqami" (weapon) {drain, rPois Str+4 Int+3} A truly terrible weapon, it drains the life of those it strikes. It affects your strength (+4). It affects your intelligence (+3). It protects you from poison.
 c - a +3 scimitar of flaming
Missiles
 u - 5 throwing nets (quivered)
 D - 7 curare-tipped needles
Armour
 f - a +2 pair of boots (worn)
 i - a +0 pair of gloves (worn)
 n - a +2 buckler (worn)
 I - a +2 plate armour of fire resistance
 Q - a +0 cloak (worn)
 U - the +8 scale mail of Xeigin (worn) {rElec rC+ Dex+2}

   It affects your dexterity (+2).
   It protects you from cold.
   It insulates you from electricity.
Jewellery
 s - a +6 ring of protection (left hand)
 W - the ring "Siedwua" (right hand) {rPois rF++ Dex-2}

   [ring of dexterity]

   It affects your dexterity (-2).
   It greatly protects you from fire.
   It protects you from poison.
 Y - an amulet of faith (around neck)
Wands
 j - a wand of teleportation (1/9)
 q - a wand of lightning (5/15)
 y - a wand of iceblast (7/15)
 C - a wand of polymorph (18/24)
 F - a wand of flame (18/48)
 M - a wand of paralysis (12/24)
 R - a wand of lightning (7/15)
 T - a wand of paralysis (15/24)
 V - a wand of acid (7/15)
Scrolls
 b - 2 scrolls of identify
 p - 2 scrolls of fear
 w - a scroll of enchant weapon
 A - a scroll of immolation
 H - 5 scrolls of remove curse
 J - 2 scrolls of enchant armour
 L - 4 scrolls of recharging
 N - 2 scrolls of magic mapping
 O - 5 scrolls of fog
 P - a scroll of silence
 S - 2 scrolls of vulnerability
Potions
 d - 16 potions of curing
 e - 2 potions of ambrosia
 h - a potion of beneficial mutation
 l - 3 potions of agility
 o - 4 potions of brilliance
 r - 2 potions of might
 v - 6 potions of heal wounds
 x - a potion of resistance
 z - 5 potions of magic
 K - 2 potions of lignification
Comestibles
 g - 11 bread rations
 k - 3 slices of pizza
 m - 13 meat rations
 t - 34 fruits
 B - 7 chunks of flesh

Dungeon Overview and Level Annotations

Branches:
Dungeon (12/15)            Temple (0/1) D:5            Lair (6/6) D:8
  Swamp (0/4) Lair:4        Snake (0/4) Lair:2        Slime (0/5) Lair:6
    Orc (2/2) D:10            Elf (0/3) Orc:2

Altars:
Ashenzari
Cheibriados
Dithmenos
Fedhas
Gozag
Kikubaaqudgha
Makhleb
Okawaru
Trog
Vehumet
Xom
Yredelemnul
The Shining One

Shops:
D:10 ?   Orc:2 ((=*=

Annotations:
Lair:1 exclusion: oklob plant


Message History

The death knight offers itself to Yredelemnul, and fills with unholy energy.
You barely miss the death knight.
The death knight hits you with a broad axe!
You are too injured to fight recklessly!
You are too injured to fight recklessly!
You are too injured to fight recklessly!
You are too injured to fight recklessly!
You are too injured to fight recklessly!
You are too injured to fight recklessly!
You are too injured to fight recklessly!
You are too injured to fight recklessly!
You are too injured to fight recklessly!
You are too injured to fight recklessly!
You are too injured to fight recklessly!
You are too injured to fight recklessly!
You are too injured to fight recklessly!
You are too injured to fight recklessly!
You are too injured to fight recklessly!
You are too injured to fight recklessly!
You are too injured to fight recklessly!
You are too injured to fight recklessly!
You are too injured to fight recklessly!
You are too injured to fight recklessly!
You are too injured to fight recklessly!
You are too injured to fight recklessly!
You are too injured to fight recklessly!
You barely miss the death knight.
You hit the skeletal warrior but do no damage.
The skeletal warrior completely misses you.
You block the death knight's attack.
You hit the death knight but do no damage.
You slice the skeletal warrior!!
The skeletal warrior hits you with a scimitar of venom!!
The death knight calls down the wrath of Yredelemnul upon you.
You resist with some effort.
You hit the death knight but do no damage.
You drain the death knight!
The death knight is lightly wounded.
You closely miss the skeletal warrior.
Your damage is reflected back at you!
The skeletal warrior hits you but does no damage.
You are poisoned.
The death knight misses you.
You slice the death knight!! You drain the death knight!
The death knight is heavily wounded.
You hit the skeletal warrior but do no damage.
Your damage is reflected back at you!
You feel sick.
The skeletal warrior hits you with a scimitar of venom!
A wraith opens the door.
The death knight hits you with a broad axe.
You die...

.....#.(..#.+>...................
.....#....'.#....................
######)...#.##+####......(.......
.....).##'#.......#.........#####
.......#..........#<........#....
.......#..........#.........#....
.....>.#..........'.......[.#....
#......#...#'###..#.........#....
#......#...#...#@.#..######.#....
#......#...#...#pz'..#....'.'....
#....###...#...'WW#..#....#.#####
#....#.....#...#..##.#....#......
'....#.....#...#...#.#....#......
#..###.....#...#...#.######......
#..#.......#####...#.............
#..'..<............#'#...........
#..#.................#...........


You could see a death knight, a skeletal warrior, a freezing wraith and a
wraith.

Action                   |  1- 3 |  4- 6 |  7- 9 | 10-12 | 13-15 || total
-------------------------+-------+-------+-------+-------+-------++-------
Melee: War axe           |       |       |   190 |   410 |       ||   600
       Unarmed           |       |       |     5 |       |       ||     5
       Executioner's axe |       |       |       |   155 |   741 ||   896
       Scimitar          |       |       |       |     7 |     5 ||    12
 Fire: Hand crossbow     |    34 |   120 |   173 |     8 |       ||   335
Invok: Slouch            |       |       |       |     4 |     3 ||     7
 Abil: Dig               |       |     1 |     6 |     5 |     5 ||    17
Evoke: Wand              |       |       |       |       |     2 ||     2
  Use: Scroll            |       |       |    10 |    12 |     9 ||    31
       Potion            |       |       |     3 |     1 |     1 ||     5
 Stab: Distracted        |       |       |       |     1 |     1 ||     2
       Sleeping          |       |       |       |     3 |     7 ||    10
  Eat: Chunk             |       |     5 |     7 |    16 |    14 ||    42
       Beef jerky        |       |       |       |       |     2 ||     2
       Royal jelly       |       |       |       |       |     1 ||     1
Armor: Robe              |     3 |       |       |       |       ||     3
       Leather armour    |       |    11 |       |       |       ||    11
       Chain mail        |       |     4 |   173 |   184 |       ||   361
       Scale mail        |       |     1 |       |    45 |   241 ||   287
       Skin              |       |       |   147 |       |       ||   147
       Plate armour      |       |       |       |    47 |       ||    47
Dodge: Dodged            |     8 |    19 |   163 |   300 |   546 ||  1036
Block: Buckler           |       |       |   130 |   275 |   461 ||   866
       Reflection        |       |       |       |     3 |     8 ||    11

Notes
Turn   | Place    | Note
-------+----------+-------------------------------------------
     0 | D:1      | Duffy the Formicid Wanderer began the quest for the Orb.
     0 | D:1      | Duffy set off with: a +2 hand crossbow, 27 bolts, a potion of lignification, a potion of curing, a +0 robe, a +0 dagger, a bread ration
     0 | D:1      | Reached XP level 1. HP: 16/16 MP: 1/1
   328 | D:1      | Reached skill level 3 in Fighting
   328 | D:1      | Reached XP level 2. HP: 24/24 MP: 2/2
  1044 | D:2      | Reached XP level 3. HP: 30/30 MP: 3/3
  1160 | D:2      | Noticed Sigmund
  1183 | D:2      | Killed Sigmund
  1183 | D:2      | Reached skill level 6 in Fighting
  1183 | D:2      | Reached XP level 4. HP: 21/40 MP: 4/4
  1183 | D:2      | Reached XP level 5. HP: 24/46 MP: 5/5
  1697 | D:2      | Reached XP level 6. HP: 52/52 MP: 6/6
  1882 | D:3      | Reached skill level 7 in Fighting
  2165 | D:3      | Found a shadowy altar of Dithmenos.
  2298 | D:3      | Found a basalt altar of Yredelemnul.
  2318 | D:3      | Found an iron altar of Okawaru.
  2320 | D:3      | Found a snail-covered altar of Cheibriados.
  2328 | D:3      | Became a worshipper of Cheibriados the Contemplative
  2493 | D:3      | Found a shattered altar of Ashenzari.
  2538 | D:3      | Reached skill level 1 in Armour
  2626 | D:4      | Noticed an ogre
  2631 | D:4      | Killed an ogre
  2631 | D:4      | Reached skill level 2 in Armour
  2631 | D:4      | Reached skill level 2 in Shields
  2631 | D:4      | Reached XP level 7. HP: 46/60 MP: 7/7
  2886 | D:5      | Entered Level 5 of the Dungeon
  2915 | D:5      | Reached skill level 3 in Armour
  2915 | D:5      | Reached skill level 3 in Shields
  2929 | D:5      | Found a glowing drain.
  2950 | Sewer    | Entered a sewer
  2979 | Sewer    | Reached * piety under Cheibriados
  3107 | Sewer    | Reached skill level 4 in Armour
  3268 | Sewer    | Reached ** piety under Cheibriados
  3411 | Sewer    | Reached XP level 8. HP: 67/67 MP: 8/8
  3475 | Sewer    | Reached skill level 5 in Armour
  3870 | D:5      | Reached skill level 6 in Armour
  4042 | D:5      | Reached *** piety under Cheibriados
  4042 | D:5      | Reached skill level 1 in Axes
  4237 | D:5      | Found a staircase to the Ecumenical Temple.
  4246 | D:5      | Reached skill level 2 in Axes
  4285 | D:5      | Reached skill level 3 in Axes
  4622 | D:5      | Noticed Duvessa
  4625 | D:5      | Noticed Dowan
  4626 | D:5      | Reached skill level 4 in Axes
  4634 | D:5      | Killed Duvessa
  4641 | D:5      | Killed Dowan
  4641 | D:5      | Reached skill level 5 in Axes
  4641 | D:5      | Reached XP level 9. HP: 53/72 MP: 9/9
  4974 | D:6      | Reached skill level 6 in Axes
  5135 | D:6      | Reached skill level 1 in Invocations
  5154 | D:6      | Reached **** piety under Cheibriados
  5192 | D:6      | Noticed Shenda's ghost (novice VSFi)
  5195 | D:6      | Reached skill level 2 in Invocations
  5210 | D:6      | Killed Shenda's ghost
  5210 | D:6      | Reached skill level 7 in Axes
  5210 | D:6      | Reached skill level 3 in Invocations
  6192 | D:8      | Found a radiant altar of Vehumet.
  6193 | D:8      | Found a burning altar of Makhleb.
  6345 | D:8      | Found a bloodstained altar of Trog.
  6363 | D:8      | Reached skill level 4 in Invocations
  6367 | D:8      | Noticed Erica
  6391 | D:8      | Killed Erica
  6391 | D:8      | Reached skill level 8 in Axes
  6391 | D:8      | Reached skill level 5 in Invocations
  6391 | D:8      | Reached XP level 10. HP: 67/79 MP: 12/14
  6525 | D:8      | Reached skill level 6 in Invocations
  6644 | D:8      | Reached ***** piety under Cheibriados
  6699 | D:8      | Found a staircase to the Lair.
  6896 | D:8      | Found a glowing golden altar of the Shining One.
  6906 | D:8      | Found a shattered altar of Ashenzari.
  6946 | D:8      | Found an ancient bone altar of Kikubaaqudgha.
  6954 | D:8      | Reached skill level 7 in Invocations
  7137 | D:8      | Reached skill level 9 in Axes
  7989 | D:4      | Reached skill level 8 in Invocations
  8658 | D:4      | Found a shimmering altar of Xom.
  9214 | D:9      | Reached ****** piety under Cheibriados
  9219 | D:9      | Reached skill level 10 in Axes
  9299 | D:9      | Reached skill level 1 in Dodging
  9407 | D:9      | Reached XP level 11. HP: 83/84 MP: 17/17
  9419 | D:9      | Reached skill level 2 in Dodging
  9434 | D:9      | Reached skill level 9 in Invocations
  9456 | D:9      | Noticed Maurice
  9476 | D:9      | Killed Maurice
  9589 | D:9      | Reached skill level 3 in Dodging
  9658 | D:9      | Found an opulent altar of Gozag.
  9930 | D:10     | Entered Level 10 of the Dungeon
 10151 | D:10     | Found a staircase to the Orcish Mines.
 10341 | D:10     | Noticed a hill giant
 10350 | D:10     | Killed a hill giant
 10350 | D:10     | Reached skill level 11 in Axes
 10672 | D:10     | Reached skill level 7 in Armour
 11032 | D:10     | Found Qaeq's Magic Scroll Shop.
 11035 | D:10     | Bought a scroll of acquirement for 780 gold pieces
 11037 | D:10     | Got a brightly glowing executioner's axe
 11038 | D:10     | Identified the +6 executioner's axe "Gogeqami" {drain, rPois Str+4 Int+3} (You acquired it on level 10 of the Dungeon)
 11041 | D:10     | Bought a scroll of identify for 30 gold pieces
 11041 | D:10     | Bought a scroll of identify for 30 gold pieces
 11046 | D:10     | Gained mutation: You have large cloven feet. [potion of beneficial mutation]
 11066 | D:10     | Noticed an unseen horror
 11068 | D:10     | Killed an unseen horror
 11350 | Lair:1   | Entered Level 1 of the Lair of Beasts
 11390 | Lair:1   | Got a transparent scale mail
 11401 | Lair:1   | Identified the +8 scale mail of Xeigin {rElec rC+ Dex+2} (You found it on level 1 of the Lair of Beasts)
 11479 | Lair:1   | Reached skill level 4 in Dodging
 11830 | Lair:1   | Noticed a five-headed hydra
 11835 | Lair:1   | Killed a seven-headed hydra
 11835 | Lair:1   | Reached skill level 12 in Axes
 11835 | Lair:1   | Reached skill level 5 in Dodging
 11835 | Lair:1   | Reached XP level 12. HP: 87/91 MP: 18/18
 11951 | Lair:1   | Noticed a six-headed hydra
 11963 | Lair:1   | Killed a one-headed hydra
 12025 | Lair:1   | Found a blossoming altar of Fedhas.
 12101 | Lair:1   | Reached skill level 6 in Dodging
 12735 | Lair:2   | Found a staircase to the Snake Pit.
 12879 | Lair:2   | Reached skill level 7 in Dodging
 13002 | Lair:2   | Reached skill level 13 in Axes
 13398 | Lair:3   | You fall through a shaft!
 13417 | Lair:4   | Noticed Nessos
 13422 | Lair:4   | Killed Nessos
 13663 | Lair:3   | Reached XP level 13. HP: 96/96 MP: 19/19
 14047 | Lair:4   | Found a staircase to the Swamp.
 14056 | Lair:4   | Reached skill level 8 in Fighting
 14258 | Lair:4   | Reached skill level 1 in Evocations
 14268 | Lair:4   | Reached skill level 2 in Evocations
 14723 | Lair:5   | Reached skill level 3 in Evocations
 14729 | Lair:5   | Reached skill level 14 in Axes
 14895 | Lair:5   | Reached skill level 4 in Evocations
 15271 | Lair:5   | Reached skill level 5 in Evocations
 15604 | Lair:6   | Entered Level 6 of the Lair of Beasts
 15644 | Lair:6   | Got an encrusted chain mail
 15678 | Lair:5   | Identified the +2 chain mail of Valour {Int+2 Dex+2} (You found it on level 6 of the Lair of Beasts)
 15712 | Lair:6   | Got an iridescent war axe
 15713 | Lair:6   | Identified the +10 war axe "Dairhior" {chop, *Noise Int+6 Dex+4} (You found it on level 6 of the Lair of Beasts)
 15788 | Lair:6   | Reached skill level 9 in Fighting
 15801 | Lair:6   | Noticed Kirke
 15818 | Lair:6   | Killed Kirke
 15825 | Lair:6   | Reached XP level 14. HP: 107/109 MP: 12/20
 15831 | Lair:6   | Reached skill level 15 in Axes
 15845 | Lair:6   | Reached skill level 10 in Fighting
 15941 | Lair:6   | Got a warped steel ring
 15944 | Lair:6   | Identified the cursed ring "Siedwua" {rPois rF++ Dex-2} (You found it on level 6 of the Lair of Beasts)
 16450 | Lair:6   | Reached skill level 11 in Fighting
 16502 | Lair:6   | Found a staircase to the Slime Pits.
 17438 | Lair:3   | Reached skill level 16 in Axes
 17538 | Orc:1    | Entered Level 1 of the Orcish Mines
 17561 | Orc:1    | Reached skill level 12 in Fighting
 18202 | Orc:2    | Entered Level 2 of the Orcish Mines
 18209 | Orc:1    | Noticed Conn321's ghost (journeyman DECj)
 18251 | Orc:1    | Killed Conn321's ghost
 18281 | Orc:1    | Reached XP level 15. HP: 118/122 MP: 21/21
 18679 | Orc:2    | Found Noteczorph's Assorted Antiques.
 18679 | Orc:2    | Found Varph's Jewellery Boutique.
 18679 | Orc:2    | Found Rupueg's Jewellery Shop.
 18683 | Orc:2    | Found Gedynata's Weapon Shop.
 18869 | Orc:2    | Found a staircase to the Elven Halls.
 18972 | Orc:2    | Noticed a stone giant
 18984 | Orc:2    | Killed a stone giant
 18984 | Orc:2    | Reached skill level 13 in Fighting
 19070 | Orc:2    | Found Lucvor's Antique Weapon Shop.
 19507 | Orc:2    | Bought an uncursed amulet of faith for 600 gold pieces
 19518 | Orc:2    | Bought a potion of heal wounds for 105 gold pieces
 19518 | Orc:2    | Bought a scroll of identify for 42 gold pieces
 19518 | Orc:2    | Bought a scroll of identify for 42 gold pieces
 19518 | Orc:2    | Bought a scroll of identify for 42 gold pieces
 19669 | D:10     | Bought a scroll of silence for 112 gold pieces
 19670 | D:10     | Bought a scroll of enchant armour for 112 gold pieces
 19882 | D:11     | Noticed Shenda's ghost (journeyman VSFi)
 19888 | D:11     | Killed Shenda's ghost
 20803 | D:12     | Reached skill level 17 in Axes
 20931 | D:12     | Noticed Josephine
 20940 | D:12     | Killed Josephine
 21313 | D:12     | Slain by a death knight

Skill      XL: |  1  2  3  4  5  6  7  8  9 10 11 12 13 14 15 |
---------------+----------------------------------------------+-----
Fighting       | 3 6 7 9 12 13 | 13.9
Armour         | 2 4 6 7 |  7.8
Shields        | 2 3 |  3.5
Axes           | 5 8 10 12 13 14 16 17 | 17.1
Invocations    | 5 8 9 |  9.0
Dodging        | 1 5 7 |  7.8
Evocations     | 5 |  5.0
Polearms       | |  1.0
Crossbows      | |  3.0
Stealth        | |  3.6

Vault maps used:
D:1:      mrwooster_arrival_statue
D:2:      uniq_sigmund
D:3:      lemuel_doored_altar, lemuel_crystal_altar,
          nicolae_overflow_hidden_temple, first_bread
D:4:      lemuel_castle_with_subvaults, xom_teletrap_fun
D:5:      portal_sewer_entry_f, columned_hall_lemuel, uniq_duvessa
D:8:      grunt_temple_overflow_lords_of_destruction, overflow_temple_1_default,
          nicolae_overflow_crystal_walls, old_standard_altar,
          dpeg_lair_monsters, blue_anna_alchemist, ashenzari_altar_1, uniq_erica
D:9:      minmay_opposing_rooms, nicolae_gozag_cash_rules_everything_around_me,
          uniq_maurice
D:10:     orc_0_dummy, serial_shops, kennysheep_mini_moat
D:11:     minmay_misc_feat_five, hangedman_decor_clover_reticule
D:12:     uniq_josephine
Lair:1:   tgw_fedhas, grunt_megastairs_4
Lair:2:   minmay_snake_entry_spellcaster, beast_lair_carwin_3,
          grunt_megastairs_1, bh_autumn_forest_stairs, serial_bayou_shore_a
Lair:3:   minivault_26, lemuel_fruit_fields
Lair:4:   minmay_swamp_entry_reptiles, uniq_nessos
Lair:6:   minmay_lair_end_enchanted_forest, nicolae_slime_entry_slimehenge,
          uniq_kirke
Orc:2:    st_orc_mages, serial_shops, shop
Sewer:    sewer_minmay_w

Vanquished Creatures
  Kirke
  A stone giant Nessos Josephine
  4 hydras Erica
  A catoblepas
  An ogre mage
  An orc high priest
  The ghost of Conn321 the Thaumaturge, a journeyman DECj of Vehumet
  The ghost of Shenda the Carver, a journeyman VSFi of Okawaru
  2 unseen horrors
  A swamp dragon
  4 hill giants
  4 orc knights
  4 orc sorcerers
  An ugly thing
  2 cyclopes
  11 elephants
  A guardian serpent Maurice
  3 black mambas
  6 spiny frogs
  6 komodo dragons
  5 rime drakes
  The ghost of Shenda the Slasher, a novice VSFi of Okawaru
  2 trolls
  2 polar bears
  3 two-headed ogres
  20 blink frogs
  A redback
  A wyvern Sigmund
  15 spriggans
  6 wraiths
  2 basilisks
  59 yaks
  A hog
  2 humans
  A steam dragon
  A hungry ghost
  6 hippogriffs
  8 water moccasins
  4 wargs Duvessa
  5 porcupines
  8 black bears
  33 orc warriors
  6 sky beasts
  3 wasps
  20 ogres
  An eye of draining
  36 wolves
  2 phantoms
  2 boggarts
  6 centaurs
  15 crocodiles
  3 big kobolds
  21 giant frogs
  A wyvern zombie Dowan
  4 scorpions
  9 killer bees
  2 howler monkeys
  3 wights
  3 crimson imps
  4 centaur zombies
  A quasit
  9 hounds
  27 orc priests
  9 jellies
  4 giant frog skeletons
  3 gnoll shamans
  2 centaur skeletons
  2 giant frog zombies
  13 iguanas
  35 orc wizards
  8 worker ants
  29 sheep
  A hound skeleton
  34 gnolls
  20 adders
  43 river rats
  4 oozes
  3 worms
  2 dart slugs
  5 giant geckos
  87 orcs
  5 bats
  3 giant cockroaches
  8 hobgoblins
  40 jackals
  3 quokkas
  16 ball pythons
  4 giant newts
  2 goblins
  11 kobolds
  29 rats
  A fulminant prism
  8 fungi
  7 plants
868 creatures vanquished.
